AoeStats
← Khirs

Fortress

509173019Analyzed
4v4 RM · 5d ago on Sep 25, 2026· 106m 52s· 8 players
Game mode
Random Map
Map size
Huge
Population
200
Speed
Normal
Resources
Standard
Victory
Conquest
Starting age
Dark Age
Ending age
Imperial Age
RankedLock teamsTeams togetherTeam positionsShared explorationLock speedFull tech treeHidden civsTurbo modeCheats
Victory
Defeat
🇦🇷 Varangians · Argentina
830
+15
🇦🇷 Japanese · Argentina
805
+16
🇺🇾 Persians · Uruguay
785
+17
🇦🇷 Byzantines · Argentina
701
+20
🇨🇳 Varangians · China
846
-19
🇷🇴 Franks · Romania
823
-18
🇪🇸 Chinese · Spain
774
-16
🇨🇴 Persians · Colombia
749
-15
Germanico90
8:06 Feudal Age
6:48 Loom
9:30 Double-Bit Axe
9:28 Horse Collar
11:56 Town Watch
15:08 Castle Age
16:51 Heavy Plow
17:04 Bow Saw
17:34 Wheelbarrow
18:25 Bloodlines
18:15 Husbandry
18:49 Forging
19:55 Stone Mining
22:26 Scale Barding Armor
28:47 Imperial Age
28:28 Hand Cart
33:16 Cavalier
37:14 Light Cavalry
38:08 Savar
42:14 Heavy Camel Rider
43:27 Heavy Scorpion
46:21 Citadels
47:30 Ballistics
48:11 Chemistry
52:49 Hussar
54:00 Conscription
balintq
7:55 Feudal Age
11:38 Castle Age
9:46 Double-Bit Axe
16:40 Bow Saw
19:19 Wheelbarrow
19:12 Gold Mining
19:17 Stone Mining
23:55 Caravan
25:45 Gold Shaft Mining
25:31 Hand Cart
28:01 Imperial Age
31:11 Loom
31:12 Town Watch
31:57 Squires
31:43 Arson
32:02 Chivalry
32:24 Conscription
34:36 Masonry
34:09 Treadmill Crane
34:55 Ballistics
35:38 Chemistry
34:25 Arrowslits
34:53 Fortified Wall
34:41 Murder Holes
35:03 Siege Engineers
35:07 Scale Barding Armor
35:13 Forging
35:05 Scale Mail Armor
34:57 Fletching
34:40 Elite Throwing Axeman
35:57 Hoardings
35:31 Husbandry
34:52 Cavalier
35:39 Town Patrol
35:47 Paladin
37:02 Ordonnance Companies
42:32 Iron Casting
42:18 Chain Barding Armor
42:13 Chain Mail Armor
41:53 Bodkin Arrow
47:17 Plate Barding Armor
47:43 Blast Furnace
47:13 Plate Mail Armor
54:11 Fervor
66:42 Padded Archer Armor
67:18 Architecture
Khirs
0:57 Loom
7:21 Feudal Age
7:48 Double-Bit Axe
7:57 Horse Collar
16:21 Castle Age
14:34 Gold Mining
14:58 Fletching
15:27 Stone Mining
17:23 Heavy Plow
17:39 Bow Saw
17:31 Bodkin Arrow
17:51 Pikeman
18:38 Padded Archer Armor
22:18 Ballistics
25:43 Imperial Age
24:19 Leather Archer Armor
25:25 Murder Holes
26:11 Capped Ram
28:05 Conscription
30:19 Chemistry
29:05 Arrowslits
29:32 Bracer
30:25 Forging
31:14 Scale Mail Armor
34:06 Masonry
34:30 Ring Archer Armor
33:46 Halberdier
38:34 Chain Mail Armor
42:05 Rocketry
42:09 Great Wall
47:00 Iron Casting
47:16 Elite Chu Ko Nu
50:21 Blast Furnace
62:51 Plate Mail Armor
66:58 Fortified Wall
67:19 Architecture
70:11 Gold Shaft Mining
大哈巴犬
7:51 Feudal Age
9:11 Loom
11:44 Castle Age
10:27 Double-Bit Axe
10:24 Horse Collar
16:18 Loom
21:26 Heavy Plow
22:26 Bow Saw
26:57 Imperial Age
24:59 Husbandry
25:55 Wheelbarrow
25:53 Forging
25:51 Scale Barding Armor
28:37 Crop Rotation
28:30 Conscription
29:56 Hand Cart
29:37 Gold Mining
31:06 Iron Casting
30:51 Chain Barding Armor
32:24 Elite Jarl
33:30 Caravan
36:14 Stone Mining
SHEGO
0:30 Loom
10:30 Feudal Age
10:50 Man-at-Arms
11:16 Arson
11:28 Loom
11:28 Town Watch
16:40 Castle Age
15:34 Double-Bit Axe
16:13 Horse Collar
16:41 Fletching
16:57 Scale Mail Armor
17:16 Gambesons
18:03 Heavy Plow
19:59 Bow Saw
20:24 Squires
20:07 Long Swordsman
23:03 Wheelbarrow
25:27 Hand Cart
27:30 Pikeman
30:44 Forging
31:21 Chain Mail Armor
34:48 Masonry
43:32 Gold Mining
43:33 Stone Mining
45:27 Ballistics
45:45 Murder Holes
53:37 Caravan
55:54 Town Watch
57:53 Iron Casting
57:14 Bodkin Arrow
62:28 Imperial Age
60:00 Town Patrol
61:09 Gold Shaft Mining
62:57 Elite Samurai
63:58 Conscription
64:15 Hoardings
68:06 Chemistry
66:56 Halberdier
72:52 Blast Furnace
72:22 Plate Mail Armor
75:09 Bracer
95:28 Bracer
95:36 Siege Engineers
95:12 Treadmill Crane
QueMatracaAriel
8:02 Feudal Age
8:53 Double-Bit Axe
9:00 Horse Collar
16:26 Castle Age
15:28 Bloodlines
14:41 Man-at-Arms
15:46 Forging
15:36 Scale Mail Armor
15:35 Gold Mining
16:29 Wheelbarrow
17:49 Husbandry
18:06 Bow Saw
18:00 Heavy Plow
22:29 Stone Mining
23:43 Hand Cart
25:29 Vendel Legacy
25:59 Town Watch
27:08 Stone Shaft Mining
31:02 Imperial Age
29:37 Iron Casting
29:54 Scale Barding Armor
31:57 Chain Mail Armor
32:04 Chain Barding Armor
32:47 Blast Furnace
32:11 Conscription
31:23 Elite Jarl
38:54 Plate Barding Armor
40:54 Treadmill Crane
41:26 Masonry
42:12 Murder Holes
45:55 Architecture
51:42 Guilds
66:17 Caravan
67:37 Squires
70:21 Pikeman
70:47 Gambesons
71:22 Chain Mail Armor
JoaKo_uy
1:32 Loom
11:03 Feudal Age
13:01 Horse Collar
13:11 Double-Bit Axe
13:23 Gold Mining
14:20 Stone Mining
19:01 Town Watch
21:19 Castle Age
23:01 Wheelbarrow
23:09 Wheelbarrow
22:49 Bow Saw
22:55 Heavy Plow
23:22 Pikeman
24:06 Squires
24:05 Town Watch
28:17 Gold Shaft Mining
28:25 Stone Shaft Mining
29:22 Bloodlines
29:26 Scale Barding Armor
29:31 Forging
30:33 Hand Cart
33:53 Imperial Age
32:13 Husbandry
33:45 Cavalier
35:42 Savar
40:24 Conscription
41:19 Chain Barding Armor
41:43 Iron Casting
41:02 Fletching
44:00 Onager
45:56 Heavy Camel Rider
47:33 Arson
47:39 Arson
49:54 Citadels
54:34 Hoardings
54:35 Crop Rotation
58:20 Chemistry
66:40 Caravan
71:35 Plate Barding Armor
72:19 Ballistics
82:20 Blast Furnace
83:28 Light Cavalry
98:35 Scale Mail Armor
98:57 Halberdier
107:26 Chain Mail Armor
ZAGON
1:37 Loom
8:59 Feudal Age
10:32 Wheelbarrow
10:23 Double-Bit Axe
10:22 Horse Collar
14:58 Fletching
15:18 Forging
15:15 Scale Barding Armor
18:19 Castle Age
17:36 Gold Mining
17:37 Stone Mining
23:12 Imperial Age
24:42 Husbandry
25:34 Conscription
27:59 Hand Cart
29:12 Heavy Plow
29:57 Bow Saw
29:43 Treadmill Crane
30:43 Heavy Camel Rider
32:01 Crop Rotation
32:51 Chemistry
34:21 Gold Shaft Mining
34:30 Iron Casting
34:59 Chain Barding Armor
42:45 Plate Barding Armor
42:36 Capped Ram
51:15 Hoardings
52:15 Two-Man Saw
58:22 Murder Holes
58:15 Arrowslits
58:51 Bombard Tower
58:43 Fortified Wall
62:00 Caravan
72:12 Squires
71:33 Pikeman
71:59 Gambesons
72:00 Arson
72:25 Scale Mail Armor
73:20 Halberdier
Connection lost

Rejoining the realm…

Still unreachable

The connection could not be restored.

Session expired

The server has moved on; the page needs a fresh start.